 Dungeon Crawl Stone Soup version 0.31.0-2-g5a2aebc5c2 (webtiles) character file.

Game seed: 328297963140813173

279059 croobank the Merchant of Misery (level 19, -9/98 HPs)
             Began as a Felid Summoner on Jan 19, 2024.
             Was a Believer of Kikubaaqudgha.
             Engulfed by a cloud of flame (20 damage)
             ... on level 2 of the Vaults on Jan 20, 2024.
             The game lasted 06:21:49 (48987 turns).

croobank the Merchant of Misery (Felid Summoner)   Turns: 48987, Time: 06:21:49

Health: -9/98      AC:  3    Str:  4    XL:     19   Next: 64%
Magic:  26/39      EV: 24    Int: 38    God:    Kikubaaqudgha [**....]
Gold:   759        SH:  0    Dex: 18    Spells: 1/49 levels left
                                        Lives:  0   Deaths: 7

rFire   . .          .
                       - Unarmed
rCold   + . .        (shield unavailable)
rNeg    . . .        (body armour unavailable)
rPois   .            (helmet unavailable)
rElec   .            (cloak unavailable)
rCorr   .            (gloves unavailable)
SInv    +            (boots unavailable)
Will    ++...        F - amulet of magic regeneration
Stlth   +++++        H - +6 ring of intelligence
HPRegen 1.16/turn    O - +6 ring of intelligence
MPRegen 0.66/turn

%: no passive effects
@: death channelling, on death's door cooldown, animating dead
A: very small, claws 1, fangs 3, see invisible, shaggy fur 3, stealthy paws, no
weapons or thrown items, no armour, multi-lived, horns 1, regeneration 1,
subdued magic 2
}: 2/15 runes: decaying, serpentine
a: Renounce Religion, Unearth Wretches


You were on level 2 of the Vaults.
You worshipped Kikubaaqudgha.
Kikubaaqudgha was pleased with you.
You visited 8 branches of the dungeon, and saw 38 of its levels.
You also visited: Volcano.

You collected 3246 gold pieces.
You spent 2487 gold pieces at shops.

Inventory:

Missiles
 M - 4 darts of dispersal
Jewellery
 c - a +6 ring of dexterity
 d - an amulet of reflection
 h - a ring of flight
 p - a ring of protection from fire
 q - a ring of positive energy
 B - the amulet "Task" {rN+ Regen+ Str+4 Int+2}
   (You bought it in a shop on level 3 of the Snake Pit)

   [amulet of regeneration]

   Str+4:     It affects your strength (+4).
   Int+2:     It affects your intelligence (+2).
   rN+:       It protects you from negative energy.
   Regen+:    It increases your rate of health regeneration.
 F - an amulet of magic regeneration (around neck)
 H - a +6 ring of intelligence (left paw)
 I - a ring of positive energy
 K - a +4 ring of protection
 L - a +6 ring of dexterity
 O - a +6 ring of intelligence (right paw)
 P - a +4 ring of slaying
 R - an amulet of guardian spirit
 U - a +6 ring of strength
Talismans
 D - the serpent talisman of Starshine {rElec Str+2 Stlth-}
   (You took it off Aizul on level 1 of the Snake Pit)

   [serpent talisman]

   Str+2:     It affects your strength (+2).
   rElec:     It insulates you from electricity.
   Stlth-:    It makes you less stealthy.
 S - a granite talisman
Wands
 j - a wand of charming (26)
 t - a wand of light (4)
 y - a wand of digging (5)
 C - a wand of polymorph (12)
 J - a wand of flame (16)
 Q - a wand of iceblast (7)
Scrolls
 e - 6 scrolls of teleportation
 m - 2 scrolls of poison
 n - a scroll of fog
 o - 3 scrolls of revelation
 u - 14 scrolls of identify
 v - 4 scrolls of torment
 w - 3 scrolls of immolation
 G - 2 scrolls of amnesia
 N - 2 scrolls of fear
 V - 2 scrolls of vulnerability
Potions
 a - a potion of berserk rage
 b - 2 potions of curing
 f - 8 potions of lignification
 g - 4 potions of enlightenment
 i - 5 potions of mutation
 k - 2 potions of ambrosia
 l - 2 potions of might
 s - 2 potions of attraction
 z - 4 potions of brilliance
Miscellaneous
 A - a lightning rod (4/4)


   Skills:
 - Level 10.0 Fighting
 - Level 10.0 Dodging
 - Level 10.0 Stealth
 - Level 1.5 Unarmed Combat
 + Level 15.5 Spellcasting
 - Level 7.0 Hexes
 - Level 12.0 Summonings
 + Level 24.7 Necromancy
 - Level 5.0 Translocations
 - Level 5.0 Fire Magic
 - Level 7.0 Air Magic


You had one spell level left.
You knew the following spells:

 Your Spells              Type           Power      Damage    Failure   Level
b - Call Imp              Summ           100%       N/A       0%          2
c - Call Canine Familiar  Summ           66%        N/A       0%          3
d - Summon Blazeheart Go  Fire/Summ      56%        N/A       1%          4
e - Summon Lightning Spi  Summ/Air       59%        N/A       1%          4
f - Summon Mana Viper     Hex/Summ       59%        N/A       1%          5
g - Summon Forest         Summ/Tloc      28%        N/A       1%          5
A - Animate Dead          Necr           94%        N/A       0%          4
B - Blink                 Tloc           84%        N/A       1%          2
D - Death Channel         Necr           47%        N/A       0%          6
N - Anguish               Hex/Necr       38%        N/A       0%          4
Z - Death's Door          Necr           47%        N/A       2%          9

Your spell library contained the following spells:

 Spells                   Type           Power      Damage    Failure   Level
 Kiss of Death            Conj/Necr      100%       2d13      0%          1
 Necrotise                Necr           100%       1d9       0%          1
 Summon Small Mammal      Summ           100%       N/A       0%          1
 Apportation              Tloc           84%        N/A       1%          1
 Magic Dart               Conj           72%        1d6       1%          1
 Sting                    Conj/Alch      72%        1d7       1%          1
 Cigotuvi's Dreadful Rot  Necr/Alch/Air  100%       N/A       0%          2
 Sublimation of Blood     Necr           94%        N/A       0%          2
 Fugue of the Fallen      Necr           94%        N/A       0%          3
 Dispel Undead            Necr           94%        3d30      0%          4
 Martyr's Knell           Necr/Summ      81%        N/A       0%          4
 Curse of Agony           Necr           94%        N/A       0%          5
 Ensorcelled Hibernation  Hex/Ice        70%        N/A       1%          2
 Searing Ray              Conj           36%        2d5       1%          2
 Confusing Touch          Hex            51%        N/A       1%          3
 Dazzling Flash           Conj/Hex       70%        N/A       1%          3
 Frozen Ramparts          Ice            36%        1d6       1%          3
 Mephitic Cloud           Conj/Alch/Air  29%        N/A       1%          3
 Ozocubu's Armour         Ice            18%        N/A       1%          3
 Passwall                 Erth           18%        N/A       1%          3
 Swiftness                Air            51%        N/A       1%          3
 Volatile Blastmotes      Fire/Tloc      84%        2d17      1%          3
 Manifold Assault         Tloc           42%        N/A       1%          4
 Vhi's Electric Charge    Tloc/Air       94%        N/A       1%          4
 Borgnjor's Vile Clutch   Necr/Erth      33%        N/A       1%          5
 Silence                  Hex/Air        25%        N/A       1%          5
 Summon Cactus Giant      Summ           33%        N/A       1%          6
 Haunt                    Necr/Summ      40%        N/A       1%          7
 Borgnjor's Revivificati  Necr           47%        N/A       1%          8
 Infestation              Necr           47%        N/A       1%          8
 Iskenderun's Mystic Bla  Conj/Tloc      30%        2d8       2%          4
 Arcjolt                  Conj/Air       17%        1d27      4%          5
 Metabolic Englaciation   Hex/Ice        17%        N/A       4%          5
 Summon Hydra             Summ           33%        N/A       4%          7
 Fulminant Prism          Conj/Alch      9%         3d7       8%          4
 Leda's Liquefaction      Alch/Erth      9%         N/A       8%          4
 Petrify                  Alch/Erth      18%        N/A       8%          4
 Plasma Beam              Fire/Air       23%        2x1d35    11%         6
 Sculpt Simulacrum        Ice/Alch       9%         N/A       82%         6


Dungeon Overview and Level Annotations

Branches:
Dungeon (15/15)            Temple (1/1) D:5            Lair (5/5) D:10
  Swamp (4/4) Lair:2        Snake (4/4) Lair:3        Slime (5/5) Lair:4
    Orc (2/2) D:12            Elf (0/3) Orc:2        Vaults (2/5) D:14
 Depths (0/4) D:15        Volcano (visited)
  Crypt: Vaults:2-3

Altars:
Ashenzari
Cheibriados
Dithmenos
Elyvilon
Fedhas
Gozag
Hepliaklqana
Kikubaaqudgha
Makhleb
Nemelex Xobeh
Okawaru
Qazlal
Ru
Sif Muna
Trog
Uskayaw
Vehumet
Wu Jian
Xom
Yredelemnul
Zin
The Shining One
Jiyva

Shops:
D:3 :   D:7 !   D:11 [   D:12 (   Orc:2 **(?[(   Snake:1 (   Snake:3 ::=:

Annotations:
Swamp:1 3 runed translucent doors, ChongLi's ghost, journeyman DsAr; DeathSocks's ghost, journeyman MiGl; hito's ghost, adept FoCA
Snake:1 2 transporters, Smee's ghost, adept MiFi
Slime:5 Royal Jelly
Vaults:1 2 transporters, BubbleThief's ghost, adept NaAl


Innate Abilities, Weirdness & Mutations

You have sharp claws.
You have razor-sharp teeth.
You have supernaturally acute eyesight. (SInv)
Your thick and shaggy fur keeps you warm. (AC +3, rC+)
Your paws help you pounce on unaware monsters.
You are incapable of wielding weapons or throwing items.
You cannot wear armour.
You gain extra lives every three experience levels.
You have a pair of small horns on your head.
Your natural rate of healing is unusually fast.
Your spells are easier to cast, but less powerful.


Message History

Your spectral slime creature is engulfed in blazing flames.
Your spectral ironbound convoker is engulfed in blazing flames.
Your spectral yaktaur is engulfed in blazing flames.
Your ironbound frostheart zombie is engulfed in blazing flames.
Flame seeps out of your ironbound frostheart zombie.
Your ironbound frostheart zombie barely misses the yaktaur captain.
The yaktaur captain is engulfed in blazing flames.
Kikubaaqudgha accepts your kill.
The yaktaur captain explodes!
The fiery explosion engulfs your ironbound frostheart zombie!!
Flame seeps out of your ironbound frostheart zombie.
Your ironbound frostheart zombie is severely damaged.
The fiery explosion engulfs your spectral vault warden!!
Your spectral vault warden is heavily damaged.
The fiery explosion engulfs your spectral yaktaur!!
You destroy your spectral yaktaur!
Your spectral lindwurm is engulfed in blazing flames.
Your spectral vault warden is engulfed in blazing flames.
Your spectral lindwurm is engulfed in blazing flames.
Things that are here:
a +0 dire flail; a +1 ring mail of positive energy You swap places.
You are engulfed in blazing flames.
Your life is in your own paws again!
Your spectral slime creature is engulfed in blazing flames.
Your spectral yaktaur is engulfed in blazing flames.
Your spectral ironbound convoker is engulfed in blazing flames.
Your ironbound frostheart zombie is engulfed in blazing flames.
Flame seeps out of your ironbound frostheart zombie.
Your spectral lindwurm is engulfed in blazing flames.
You destroy your spectral lindwurm!
Your spectral yaktaur captain is engulfed in blazing flames.
Your spectral lindwurm is engulfed in blazing flames.
Your spectral vault warden is engulfed in blazing flames.
Your spectral yaktaur captain is engulfed in blazing flames.
There is a stone staircase leading up here.
Things that are here:
a +0 morningstar; a +0 ring mail You are engulfed in blazing flames.
You die...
Kikubaaqudgha rasps: "You have failed me!
Welcome... death!"

#+# ##.##
##§§§##
##§§.§§##
#.§ZZ§)§#
#.§ZZZ§§#
#.Z§@Z§§#
#.§§ZZ§.#
#.......#
##.....##
##...##
##.## #+#


You could see a friendly spectral lindwurm, a friendly spectral slime creature,
a friendly spectral yaktaur, 2 friendly spectral yaktaur captains, a friendly
spectral vault warden, a friendly spectral ironbound convoker, a friendly
spectral ironbound frostheart and a friendly ironbound frostheart zombie (inner
flame).

Vanquished Creatures
  4 acid blobs
  Aizul (Snake:1)
  2 shadow dragons (Vaults:1)
  5 rockslimes
  2 fenstrider witches (Swamp:4)
  A nagaraja (Snake:4)
  2 azure jellies
  2 vault wardens
  A quicksilver ooze (Slime:5)
  2 stone giants
  A dire elephant (D:15)
  An ettin (Vaults:1)
  A deep elf high priest (Vaults:1)
  Josephine (D:11)
  3 hydras
  3 yaktaur captains
  2 ironbound frosthearts
  An anaconda (Snake:4)
  An alligator (Swamp:4)
  2 naga warriors
  2 centaur warriors
  2 boulder beetles
  5 death yaks
  2 two-headed ogres (D:10)
  A spriggan berserker (Swamp:4)
  3 soul eaters (D:11)
  4 skeletal warriors
  2 goliath frogs (Swamp:4)
  A sixfirhy (D:11)
  2 skysharks (Lair:5)
  A naga ritualist (Snake:2)
  2 orc knights
  A necromancer (Vaults:1)
  9 lindwurms
  3 ironbound convokers
  A harpy (D:10)
  A wolf spider (D:15)
  2 salamanders (Volcano)
  A cyclops (D:12)
  2 manticores
  2 kobold blastminers
  8 black mambas
  2 vault sentinels (Vaults:1)
  A catoblepas zombie (Lair:5)
  An orange demon (D:11)
  5 cane toads
  A rime drake (Lair:2)
  3 unseen horrors
  2 yaktaurs (Vaults:2)
  3 komodo dragons
  5 trolls
  15 slime creatures
  2 wraiths (D:11)
  A ynoxinul (D:11)
  A shadow (D:10)
  A spriggan (Lair:5)
  31 yaks
  3 wyverns
  A chaos spawn (D:11)
  A warg (Orc:2)
  5 vampire mosquitoes
  A cane toad zombie (Lair:5)
  3 nagas
  4 water moccasins
  A manticore zombie (Lair:5)
  8 orc warriors
  A blink frog zombie (Lair:5)
  An ogre (D:3)
  A boggart (D:15)
  2 dream sheep zombies (Lair:5)
  7 centaurs
  2 komodo dragon zombies
  5 wights
  A yak zombie (D:11)
  6 killer bees
  A hound (D:6)
  An orc priest (D:8)
  A sleepcap (D:7)
  6 orc wizards
  2 ogre zombies (Orc:2)
  2 adders (D:6)
  2 gnolls (D:9)
  A white imp (D:7)
  A ribbon worm (D:4)
  9 orcs
  2 bats
  An endoplasm (D:4)
  2 goblins (D:4)
  3 hobgoblins
  A quokka (D:11)
  2 ball pythons
  3 kobolds
  2 orc zombies (Orc:2)
  2 rats
266 creatures vanquished.

Vanquished Creatures (collateral kills)
  Mara (Snake:4)
  Saint Roka (Vaults:1)
  Bai Suzhen (Swamp:3)
  the Lernaean hydra (Swamp:4)
  Nikola (Swamp:3)
  Jorgrun (Snake:2)
  24 acid blobs
  Frances (Snake:2)
  Roxanne (Swamp:2)
  12 nagarajas
  2 fenstrider witches (Swamp:4)
  14 azure jellies
  6 rockslimes
  A deep elf sorcerer (Vaults:1)
  The ghost of Aldia the Unseen, an adept VSBr of Uskayaw (Swamp:4)
  A vault warden (Vaults:1)
  2 frost giants (Vaults:1)
  An orc warlord (Vaults:1)
  5 quicksilver oozes
  3 formless jellyfish
  3 ironbound preservers
  An ironbound thunderhulk (Vaults:1)
  A stone giant (Vaults:1)
  3 eleionomae
  2 dire elephants (Swamp:4)
  An ettin (Vaults:1)
  A shambling mangrove (Swamp:3)
  5 great orbs of eyes
  A yaktaur captain (Vaults:1)
  8 hydras
  A salamander tyrant (Snake:4)
  A spriggan air mage (Swamp:4)
  3 catoblepae (Lair:5)
  5 anacondas
  6 centaur warriors
  An ironbound frostheart (Vaults:1)
  7 alligators
  2 boulder beetles
  2 two-headed ogres
  11 naga warriors
  A tengu warrior (D:15)
  2 soul eaters (D:11)
  2 orc high priests (Vaults:1)
  2 shock serpents (Snake:3)
  A deep elf knight (Swamp:4)
  5 naga sharpshooters
  A spriggan berserker (Swamp:4)
  A salamander mystic (Snake:4)
  2 skysharks
  6 mana vipers
  5 goliath frogs
  A sixfirhy (D:11)
  A spriggan rider (Swamp:2)
  A glowing orange brain (Slime:3)
  8 swamp dragons
  2 naga ritualists (Snake:2)
  4 spriggan druids
  4 orc knights
  3 bog bodies
  4 ironbound convokers
  A necromancer (D:14)
  3 lindwurms (Vaults:1)
  Pikel (D:6)
  An ugly thing (D:12)
  10 salamanders
  2 manticores
  An orc sorcerer (Vaults:1)
  4 shining eyes
  6 will-o-the-wisps
  2 kobold blastminers (Orc:2)
  22 black mambas
  A vault sentinel (Vaults:1)
  3 guardian serpents
  2 molten gargoyles (Volcano)
  A black mamba (shapeshifter) (D:13)
  12 naga magi
  5 eyes of devastation
  A torpor snail (Lair:5)
  8 cane toads
  A smoke demon (D:11)
  6 yaktaurs (Vaults:1)
  3 rime drakes
  7 komodo dragons
  Psyche (D:12)
  An ice devil (D:11)
  A tengu conjurer (D:15)
  2 efreet
  2 red devils (D:11)
  A hellwing (D:11)
  8 tyrant leeches
  A bloated husk (Swamp:1)
  3 hornets (Swamp:3)
  2 polar bears
  Grinder (D:5)
  8 blink frogs (Lair:5)
  2 glass eyes (Slime:5)
  6 dream sheep (Lair:5)
  105 slime creatures
  3 wraiths
  A centaur simulacrum (D:14)
  25 yaks
  2 wyverns
  4 spriggans
  2 vampires (D:13)
  2 fire elementals (Volcano)
  7 golden eyes
  3 basilisks
  2 fire bats (Volcano)
  A steam dragon (D:7)
  11 vampire mosquitoes
  A neqoxec (D:11)
  27 nagas
  3 acid dragons
  15 swamp worms
  A hell hound (Swamp:4)
  9 water moccasins
  17 orc warriors
  10 swamp drakes
  An ice beast (D:6)
  A black bear (D:3)
  A sky beast (D:8)
  8 centaurs
  4 ogres
  A phantom (D:7)
  3 kobold brigands
  9 bullfrogs
  A scorpion (D:4)
  2 earth elementals (Volcano)
  3 wights (D:7)
  9 killer bees
  6 howler monkeys
  5 jellies
  6 lava snakes
  2 quasits (D:11)
  2 gnoll boudas
  7 orc priests
  3 hounds
  Jessica (D:3)
  2 iguanas (D:5)
  2 sleepcaps
  14 orc wizards
  6 gnolls
  7 adders
  A shadow imp (D:7)
  A white imp (D:6)
  3 ribbon worms (D:6)
  40 orcs
  7 ball pythons
  2 bats (D:1)
  11 endoplasms
  2 giant cockroaches (D:2)
  4 hobgoblins
  A jackal (D:3)
  10 kobolds
  3 quokkas
  8 goblins
  7 rats
800 creatures vanquished.

Vanquished Creatures (others)
  4 acid blobs
  Agnes (Snake:4)
  2 storm dragons (Vaults:1)
  3 fenstrider witches (Swamp:4)
  4 rockslimes
  4 azure jellies
  2 fire giants (Vaults:1)
  A frost giant (Vaults:1)
  Louise (Swamp:3)
  A vault warden (Vaults:1)
  3 orc warlords (Vaults:1)
  2 ironbound preservers (Vaults:1)
  A deep elf death mage (Vaults:1)
  A quicksilver ooze (Slime:1)
  2 rockslime zombies (Slime:5)
  A stone giant (Vaults:1)
  A bunyip (Swamp:1)
  Snorg (D:13)
  2 acid blob zombies
  A shambling mangrove (Swamp:4)
  A great orb of eyes (Slime:5)
  3 centaur warriors (Vaults:1)
  8 hydras
  A salamander tyrant (Snake:4)
  An ogre mage (Vaults:1)
  5 fenstrider witch zombies (Swamp:4)
  An anaconda (Snake:2)
  A two-headed ogre (D:11)
  3 ironbound frosthearts
  5 alligators (Swamp:4)
  7 azure jelly zombies
  4 naga warriors
  2 naga sharpshooters (Snake:4)
  2 tengu warriors
  4 shock serpents
  A spriggan berserker (Swamp:4)
  2 quicksilver ooze zombies
  An orc high priest (Vaults:1)
  A storm dragon zombie (Vaults:1)
  3 salamander mystics
  A goliath frog (Swamp:3)
  A spriggan rider (Swamp:4)
  4 spriggan zombies
  A mana viper (Snake:2)
  2 anaconda zombies
  5 swamp dragons
  A bog body (Swamp:3)
  A deep elf archer (Swamp:4)
  A lindwurm (Vaults:1)
  8 orc knights
  3 goliath frog zombies
  2 stone giant zombies (Vaults:1)
  6 ironbound convokers (Vaults:1)
  6 alligator zombies
  A cyclops (D:13)
  An ugly thing zombie (D:12)
  An orc sorcerer (Vaults:1)
  A fire giant zombie (Vaults:1)
  2 eleionoma zombies (Swamp:4)
  A manticore (D:14)
  2 frost giant zombies (Vaults:1)
  13 salamanders
  2 formless jellyfish zombies
  4 shock serpent zombies
  A kobold blastminer (Orc:2)
  5 black mambas
  4 vault sentinels (Vaults:1)
  3 naga magi
  A yaktaur zombie (Vaults:1)
  3 mana viper zombies
  5 guardian serpents
  A catoblepas zombie (Lair:5)
  An elf zombie (Vaults:1)
  2 cane toads (Lair:5)
  18 human zombies
  An efreet (D:14)
  7 swamp worm zombies
  A tengu conjurer (D:15)
  2 yaktaurs (Vaults:1)
  2 bloated husks (Swamp:4)
  3 trolls
  2 great orb of eyes zombies
  A hornet (shapeshifter) (D:15)
  2 polar bears (Lair:5)
  2 hydra zombies (Swamp:4)
  A hornet (Swamp:1)
  4 tyrant leeches
  3 blink frogs (Lair:5)
  2 guardian serpent zombies
  2 boulder beetle zombies (D:14)
  A wyvern (Lair:5)
  3 spriggans
  11 black mamba zombies
  A yak (Lair:4)
  15 slime creatures
  21 slime creature zombies
  2 tyrant leech zombies
  3 wargs
  2 vampire mosquitoes (Swamp:2)
  A skyshark zombie (Lair:5)
  7 nagas
  3 swamp worms
  2 cane toad zombies
  A two-headed ogre zombie (D:11)
  4 tengu zombies
  10 orc warriors
  A blink frog zombie (Lair:5)
  A swamp drake (Swamp:4)
  A manticore zombie (D:13)
  6 ogres
  3 lindwurm zombies (Volcano)
  2 centaurs (Orc:2)
  2 dream sheep zombies (Lair:5)
  15 salamander zombies
  4 kobold zombies
  4 warg zombies
  A cyclops zombie (D:12)
  4 wyvern zombies
  4 water moccasin zombies
  2 troll zombies (D:11)
  13 yak zombies
  A killer bee (D:10)
  24 naga zombies
  4 lava snakes
  10 centaur zombies
  An orc priest (Vaults:1)
  2 orc wizards
  A boggart zombie (D:15)
  A lava snake zombie (Volcano)
  6 orcs
  A kobold (D:15)
  32 orc zombies
  A quokka zombie (D:11)
  116 blazeheart cores
  19 foxfires
  15 snaplasher vines
627 creatures vanquished.

Grand Total: 1693 creatures vanquished

Notes
Turn   | Place    | Note
-------+----------+-------------------------------------------
     0 | D:1      | croobank the Felid Summoner began the quest for the Orb.
     0 | D:1      | Reached XP level 1. HP: 9/9 MP: 4/4
   344 | D:1      | Reached XP level 2. HP: 13/13 MP: 3/6
   347 | D:1      | Learned a level 2 spell: Call Imp
   596 | D:2      | Reached XP level 3. HP: 16/16 MP: 2/7
   822 | D:2      | Reached skill level 1 in Unarmed Combat
  1113 | D:2      | Found a burning altar of Makhleb.
  1532 | D:3      | Reached XP level 4. HP: 12/21 MP: 0/9
  1532 | D:3      | Gained a life (2 lives remaining)
  1929 | D:3      | Found Hoevaff's Book Shoppe.
  1939 | D:3      | Learned a level 3 spell: Call Canine Familiar
  2048 | D:3      | Noticed Jessica
  2082 | D:3      | Killed Jessica
  2205 | D:3      | Noticed an ogre
  2402 | D:3      | Noticed a black bear
  2419 | D:3      | Killed a black bear
  2420 | D:3      | Reached skill level 5 in Summonings
  2420 | D:3      | Reached XP level 5. HP: 24/24 MP: 4/11
  2667 | D:4      | Gained mutation: You are covered in thick fur. (AC +2)
                  | [Felid growth]
  2667 | D:4      | Reached XP level 6. HP: 28/28 MP: 7/12
  3211 | D:4      | Learned a level 4 spell: Summon Blazeheart Golem
  3233 | D:4      | Reached skill level 1 in Fighting
  3324 | D:4      | Reached XP level 7. HP: 18/33 MP: 0/14
  3573 | D:4      | Learned a level 4 spell: Summon Lightning Spire
  3798 | D:4      | Reached skill level 1 in Fire Magic
  3952 | D:5      | Entered Level 5 of the Dungeon
  4073 | D:5      | You fall into a shaft and drop 2 floors!
  4074 | D:7      | Noticed a steam dragon
  4112 | D:7      | Found Elyth's Distillery.
  4133 | D:6      | Found a hazy altar of Hepliaklqana.
  4584 | D:5      | Found a glowing golden altar of the Shining One.
  4587 | D:5      | Found a sparkling altar of Nemelex Xobeh.
  4592 | D:5      | Found a radiant altar of Vehumet.
  4641 | D:5      | Found a staircase to the Ecumenical Temple.
  4655 | Temple   | Entered the Ecumenical Temple
  4659 | Temple   | Became a worshipper of Kikubaaqudgha
  4696 | D:5      | Noticed Grinder
  4920 | D:6      | Killed by an exploding cerulean imp... ignited by their
                  | inner flame
  4920 | D:6      | Lost a life (1 life remaining)
  4921 | D:6      | Reached XP level 8. HP: 39/39 MP: 15/15
  4921 | D:6      | Gained a life (2 lives remaining)
  4960 | D:6      | Reached skill level 5 in Dodging
  5225 | D:6      | Noticed Pikel
  5233 | D:6      | Killed Pikel
  5234 | D:6      | Reached skill level 5 in Stealth
  6215 | D:6      | Reached skill level 5 in Spellcasting
  6282 | D:7      | Learned a level 2 spell: Blink
  6382 | D:7      | Reached skill level 1 in Translocations
  6405 | D:7      | Reached skill level 1 in Air Magic
  6405 | D:7      | Reached XP level 9. HP: 30/44 MP: 14/17
  6554 | D:7      | Reached * piety under Kikubaaqudgha
  6554 | D:7      | Received a gift from Kikubaaqudgha
  6763 | D:7      | Bought 2 potions of haste for 240 gold pieces
  6763 | D:7      | Bought a potion of attraction for 36 gold pieces
  6763 | D:7      | Bought a potion of magic for 96 gold pieces
  7286 | D:8      | Reached skill level 5 in Fire Magic
  7823 | D:9      | Found an ornate altar of the Wu Jian Council.
  7837 | D:9      | Reached XP level 10. HP: 51/51 MP: 12/19
  7879 | D:9      | Reached ** piety under Kikubaaqudgha
  8125 | D:9      | Noticed a two-headed ogre
  8138 | D:9      | Killed a two-headed ogre
  8801 | D:9      | Learned a level 4 spell: Animate Dead
  8814 | D:10     | Entered Level 10 of the Dungeon
  8954 | D:10     | Noticed a two-headed ogre
  8961 | D:10     | Killed a two-headed ogre
  8962 | D:10     | Reached skill level 5 in Fighting
  8962 | D:10     | Reached skill level 1 in Necromancy
  8962 | D:10     | Reached skill level 5 in Translocations
  8970 | D:10     | Reached skill level 2 in Necromancy
  8971 | D:10     | Noticed a two-headed ogre
  8980 | D:10     | Killed a two-headed ogre
  8981 | D:10     | Reached skill level 5 in Air Magic
  9007 | D:10     | Reached skill level 3 in Necromancy
  9016 | D:10     | Identified the +4 arbalest of Equilibrium {flame, rN++
                  | rCorr Int-4 Dex-2 SInv}
  9018 | D:10     | Noticed a harpy
  9563 | D:10     | Reached XP level 11. HP: 56/56 MP: 11/21
 10124 | D:10     | Reached *** piety under Kikubaaqudgha
 10124 | D:10     | Received a gift from Kikubaaqudgha
 10160 | D:10     | Found a staircase to the Lair.
 10181 | D:10     | Killed a harpy
 10182 | D:10     | Reached skill level 4 in Necromancy
 10441 | D:10     | Found an iron altar of Okawaru.
 10469 | D:10     | Found an opulent altar of Gozag.
 10733 | D:11     | Noticed a two-headed ogre
 10736 | D:11     | Noticed a sixfirhy
 10745 | D:11     | Killed a sixfirhy
 10791 | D:11     | Reached skill level 5 in Necromancy
 10825 | D:11     | Noticed Josephine
 10834 | D:11     | Killed Josephine
 11242 | D:11     | Noticed a sixfirhy
 11633 | D:11     | Killed a sixfirhy
 11685 | D:11     | Noticed a soul eater
 11706 | D:11     | Killed a soul eater
 11815 | D:11     | Noticed a soul eater
 11827 | D:11     | Killed a soul eater
 11828 | D:11     | Gained mutation: Your thick and shaggy fur keeps you warm.
                  | (AC +3, rC+) [Felid growth]
 11828 | D:11     | Reached XP level 12. HP: 58/62 MP: 16/23
 12061 | D:11     | Reached skill level 10 in Stealth
 12061 | D:11     | Reached skill level 6 in Necromancy
 12268 | D:11     | Found Roantik's Armour Boutique.
 12805 | D:11     | Reached **** piety under Kikubaaqudgha
 13136 | D:11     | Identified the +0 scale mail of Focus {*Slow Str+4}
 13335 | D:11     | Reached skill level 7 in Necromancy
 13412 | D:11     | Reached skill level 10 in Dodging
 13420 | D:11     | Gained mutation: Your spells are a little easier to cast,
                  | but a little less powerful. [a neqoxec]
 13593 | D:11     | Gained mutation: Your natural rate of healing is unusually
                  | fast. [a neqoxec]
 13594 | D:11     | Gained mutation: Your spells are easier to cast, but less
                  | powerful. [a neqoxec]
 14113 | Lair:1   | Entered Level 1 of the Lair of Beasts
 14589 | Lair:1   | Reached skill level 8 in Necromancy
 15058 | Lair:1   | Learned a level 4 spell: Anguish
 15115 | Lair:2   | Found a staircase to the Swamp.
 15137 | Lair:2   | Found a dark tunnel.
 15225 | Volcano  | Entered a volcano
 15539 | Volcano  | Found a burning altar of Makhleb.
 15883 | Volcano  | Reached XP level 13. HP: 41/68 MP: 8/26
 15987 | Volcano  | Noticed a stone giant
 15994 | Volcano  | Killed a stone giant
 16040 | Volcano  | Reached skill level 9 in Necromancy
 16143 | Lair:2   | Reached skill level 10 in Summonings
 17782 | Lair:3   | Found a staircase to the Snake Pit.
 17801 | Lair:3   | Reached skill level 10 in Necromancy
 19096 | Lair:4   | Found a viscous altar of Jiyva.
 19098 | Lair:4   | Found a staircase to the Slime Pits.
 19936 | Lair:5   | Entered Level 5 of the Lair of Beasts
 20063 | Lair:5   | Reached skill level 11 in Necromancy
 20238 | Lair:5   | Slain by a skyshark
 20238 | Lair:5   | Lost a life (1 life remaining)
 20503 | Lair:5   | Reached XP level 14. HP: 76/76 MP: 8/28
 20503 | Lair:5   | Gained a life (2 lives remaining)
 20903 | Lair:4   | Reached skill level 12 in Necromancy
 21044 | Lair:5   | Reached skill level 10 in Fighting
 21076 | Lair:5   | Reached skill level 10 in Spellcasting
 21510 | Lair:5   | Slain by a torpor snail
 21510 | Lair:5   | Lost a life (1 life remaining)
 22317 | Lair:5   | Reached skill level 13 in Necromancy
 22839 | D:11     | Learned a level 6 spell: Death Channel
 22845 | D:11     | Learned a level 4 spell: Dispel Undead
 23630 | D:12     | Noticed Psyche
 23638 | D:12     | Reached ***** piety under Kikubaaqudgha
 23639 | D:12     | Killed Psyche
 23769 | D:12     | Found Qeerphoz's Weapon Shop.
 23771 | D:12     | Found a staircase to the Orcish Mines.
 24020 | D:12     | Reached skill level 14 in Necromancy
 25124 | D:13     | Noticed Snorg
 25133 | D:13     | Killed Snorg
 25640 | Orc:1    | Entered Level 1 of the Orcish Mines
 26271 | Orc:2    | Entered Level 2 of the Orcish Mines
 26271 | Orc:2    | Found a staircase to the Elven Halls.
 26282 | Orc:2    | Found Zes Bibi's Mass Market.
 26746 | Orc:2    | Found Oroug's Assorted Antiques.
 26756 | Orc:2    | Bought a scroll of amnesia for 116 gold pieces
 26900 | Orc:2    | Reached skill level 15 in Necromancy
 27725 | Orc:2    | Found Okeor's Magic Scroll Boutique.
 27725 | Orc:2    | Found Carex's Armour Emporium.
 27727 | Orc:2    | Found Qiyqugoj's Antique Weapon Shoppe.
 27729 | Orc:2    | Found Sadd's Antique Weapon Shop.
 27733 | Orc:2    | Bought a scroll of identify for 34 gold pieces
 27733 | Orc:2    | Bought a scroll of vulnerability for 68 gold pieces
 27733 | Orc:2    | Bought a scroll of fear for 68 gold pieces
 27733 | Orc:2    | Bought a scroll of teleportation for 51 gold pieces
 27733 | Orc:2    | Bought a scroll of teleportation for 51 gold pieces
 28406 | D:14     | Found an iron altar of Okawaru.
 28767 | D:14     | Reached XP level 15. HP: 49/80 MP: 22/30
 28767 | D:14     | Gained a life (2 lives remaining)
 28831 | D:14     | Found a gate to the Vaults.
 28947 | D:15     | Entered Level 15 of the Dungeon
 28948 | D:15     | Upgraded the game from 0.31.0 to 0.31.0-2-g5a2aebc5c2
 28973 | D:15     | Reached skill level 16 in Necromancy
 30312 | D:15     | Found a staircase to the Depths.
 30545 | D:3      | Bought a book of the Wilderness for 380 gold pieces
 30679 | D:5      | Killed Grinder
 31003 | Snake:1  | Entered Level 1 of the Snake Pit
 31003 | Snake:1  | Identified the serpent talisman of Starshine {rElec Str+2
                  | Stlth-}
 31003 | Snake:1  | Noticed Aizul
 31003 | Snake:1  | Found Nunuzeto's Antique Weapon Shop.
 31010 | Snake:1  | Reached skill level 1 in Hexes
 31019 | Snake:1  | Learned a level 5 spell: Summon Mana Viper
 31059 | Snake:1  | Demolished by a naga warrior
 31059 | Snake:1  | Lost a life (1 life remaining)
 31072 | Snake:1  | Found a transporter.
 31073 | Snake:1  | Noticed Smee's ghost (adept MiFi)
 31086 | Snake:1  | Found a transporter.
 31152 | Snake:1  | Killed Aizul
 32618 | Snake:1  | Reached skill level 5 in Hexes
 33028 | Snake:2  | Noticed Jorgrun
 33041 | Snake:2  | Killed Jorgrun
 33070 | Snake:2  | Noticed a nagaraja
 33081 | Snake:2  | Killed a nagaraja
 33813 | Snake:2  | Noticed Frances
 33834 | Snake:2  | Killed Frances
 34041 | Snake:2  | Reached skill level 17 in Necromancy
 34329 | Snake:2  | Your ally Frances died
 34333 | Snake:2  | Reached XP level 16. HP: 85/85 MP: 18/31
 34333 | Snake:2  | Gained a life (2 lives remaining)
 34891 | Snake:3  | Found Wiozac's Vocational Training.
 35015 | Snake:3  | Identified the +2 spear "Maleawk" {freeze, rPois rN+ rCorr
                  | MP-9}
 35268 | Snake:3  | Found a glacial archway.
 35271 | Snake:3  | Identified a scroll of acquirement
 35816 | Snake:3  | Found Rusay's Book Shop.
 35816 | Snake:3  | Found Jarar's Jewellery Shoppe.
 35817 | Snake:3  | Found Ickamp Raemp's Book Shop.
 35829 | Snake:3  | Bought the amulet "Task" {rN+ Regen+ Str+4 Int+2} for 807
                  | gold pieces
 35829 | Snake:3  | Bought a +6 ring of intelligence for 540 gold pieces
 35982 | Snake:4  | Entered Level 4 of the Snake Pit
 36027 | Snake:4  | Noticed Mara
 36028 | Snake:4  | Noticed croobank's illusion
 36425 | Snake:4  | Noticed Agnes
 36435 | Snake:4  | Killed Agnes
 36611 | Snake:4  | Noticed croobank's illusion
 36622 | Snake:4  | Killed Mara
 36625 | Snake:4  | Your ally Agnes died
 37249 | Snake:4  | HP: 2/85 [nagaraja/+0 whip (10)]
 37249 | Snake:4  | Constricted to death by a nagaraja
 37249 | Snake:4  | Lost a life (1 life remaining)
 37275 | Snake:4  | HP: 1/85 [poisoned by a nagaraja (bolt of poison)]
 37277 | Snake:4  | Reached skill level 18 in Necromancy
 38505 | Snake:4  | Reached skill level 19 in Necromancy
 40576 | Snake:4  | Got a serpentine rune of Zot
 40578 | Snake:4  | Acquired an amulet of magic regeneration
 40752 | Lair:2   | Learned a level 5 spell: Summon Forest
 40755 | Swamp:1  | Entered Level 1 of the Swamp
 40755 | Swamp:1  | Found a runed translucent gate.
 40756 | Swamp:1  | Found a runed translucent gate.
 40756 | Swamp:1  | Found a runed translucent gate.
 40762 | Swamp:1  | Noticed ChongLi's ghost (journeyman DsAr)
 40762 | Swamp:1  | Noticed DeathSocks's ghost (journeyman MiGl)
 40762 | Swamp:1  | Noticed hito's ghost (adept FoCA)
 40798 | Swamp:1  | Reached XP level 17. HP: 89/89 MP: 23/34
 41131 | Swamp:1  | Reached skill level 20 in Necromancy
 41606 | Swamp:2  | Noticed Roxanne
 41623 | Swamp:2  | Killed Roxanne
 41805 | Swamp:2  | Reached ****** piety under Kikubaaqudgha
 42654 | Swamp:3  | Noticed Bai Suzhen
 42656 | Swamp:3  | Received a gift from Kikubaaqudgha (forbidden knowledge)
 42662 | Swamp:3  | Killed Bai Suzhen
 42829 | Swamp:3  | Identified the +8 tower shield of Spite {Harm Int-3 Slay+6
                  | Stlth+}
 42829 | Swamp:3  | Noticed Louise
 42836 | Swamp:3  | Reached skill level 21 in Necromancy
 42840 | Swamp:3  | Killed Louise
 42843 | Swamp:3  | Noticed Nikola
 42854 | Swamp:3  | Killed Nikola
 43180 | Swamp:4  | Entered Level 4 of the Swamp
 43378 | Swamp:4  | Noticed the 27-headed Lernaean hydra
 43391 | Swamp:4  | Killed the 27-headed Lernaean hydra
 43392 | Swamp:4  | Reached skill level 22 in Necromancy
 43473 | Swamp:4  | Got a decaying rune of Zot
 43624 | Swamp:4  | Found a runed translucent door.
 43625 | Swamp:4  | Noticed Aldia's ghost (adept VSBr)
 43641 | Swamp:4  | Killed Aldia's ghost
 43775 | Swamp:4  | Identified the +4 ring mail of the Morning {Rampage +Inv
                  | rC+ Slay+2}
 44300 | Slime:1  | Entered Level 1 of the Pits of Slime
 44312 | Slime:1  | Noticed an acid blob
 44318 | Slime:1  | Killed an acid blob
 44320 | Slime:1  | Noticed an acid blob
 44323 | Slime:1  | Killed an acid blob
 44324 | Slime:1  | Reached XP level 18. HP: 93/93 MP: 30/35
 45655 | Slime:2  | Reached skill level 23 in Necromancy
 45963 | Slime:4  | Annihilated by a rockslime
 45963 | Slime:4  | Lost a life (0 lives remaining)
 46592 | Slime:5  | Entered Level 5 of the Pits of Slime
 46791 | Slime:5  | Gained mutation: You have a pair of small horns on your
                  | head. [a shining eye]
 46808 | Slime:5  | Noticed the Royal Jelly
 46936 | Slime:5  | Reached XP level 19. HP: 98/98 MP: 25/38
 46936 | Slime:5  | Gained a life (1 life remaining)
 47043 | Slime:5  | HP: 4/98 [the Royal Jelly (2)]
 47043 | Slime:5  | Splashed by the Royal Jelly's acid
 47043 | Slime:5  | Lost a life (0 lives remaining)
 47375 | Vaults:1 | Entered Level 1 of the Vaults
 47395 | Vaults:1 | Reached skill level 24 in Necromancy
 47785 | Vaults:1 | Noticed Saint Roka
 47805 | Vaults:1 | Killed Saint Roka
 47806 | Vaults:1 | Reached skill level 15 in Spellcasting
 47807 | Vaults:1 | HP: 2/98 [yaktaur/bolt (9)]
 47830 | Vaults:1 | Identified the +4 great mace of Uskayaw's Grace {freeze,
                  | rC+ rN+ Int+3 Dex-2}
 47832 | Vaults:1 | Learned a level 9 spell: Death's Door
 48636 | Vaults:1 | Noticed BubbleThief's ghost (adept NaAl)
 48638 | Vaults:1 | Found a transporter.
 48921 | Vaults:1 | Found a transporter.
 48987 | Vaults:2 | Engulfed by a cloud of flame

Illustrated notes

Levels and vault maps discovered:
D:1:      mainiacjoe_arrival_oval_in_oval, layout_rooms
D:2:      layout_rooms, basic_altar, hangedman_feature_mirror
D:3:      layout_loops_corners, serial_shops, shop, minmay_surrounded,
          uniq_jessica
D:4:      layout_basic
D:5:      layout_rooms, grunt_temple_overflow_diamond,
          minmay_temple_entry_glassed_door, corner_web_ring, uniq_grinder
D:6:      layout_basic, general_overflow_altar, lightli_sewer_entry_pipes,
          uniq_pikel
D:7:      layout_basic, serial_shops, nicolae_shop_hallway_stairs
D:8:      layout_rooms
D:9:      layout_loops_ring, nicolae_wu_jian_wuxing_cycle
D:10:     nzn_winding_woodlands_small
          [nzn_winding_woodlands_5x15_pathside_ponds,
          nzn_winding_woodlands_center_garden, nzn_winding_woodlands_5x15_eye],
          layout_rooms, mainiacjoe_overflow_two_lobes
D:11:     layout_irregular_city, serial_demonic, serial_demonic_c,
          serial_demonic_c, serial_demonic_g, serial_demonic_c,
          serial_demonic_b, serial_demonic_d, serial_demonic_g,
          serial_demonic_a, serial_demonic_f, serial_demonic_g, serial_shops,
          shop, grunt_ministairs_2, uniq_josephine
D:12:     layout_gridville, orc_david_3, uniq_psyche
D:13:     layout_irregular_city, uniq_snorg
D:14:     layout_basic, hellmonk_vaults_attempted_burglary,
          okawaru_ov_weapons_minmay
D:15:     hangedman_depths_entry_try_elsewhere_first, layout_rooms,
          minmay_misc_feat_nine_boxes
Temple:   hellmonk_temple_two_chambers
Lair:1:   layout_hall_layers
Lair:2:   layout_chaotic_city, swamp_mist, enter_volcano_2
Lair:3:   layout_hall_layers, nicolae_snake_entry_warm_welcome
Lair:4:   layout_hall_layers, nicolae_slime_entry_slimehenge
Lair:5:   evilmike_catoblepas_cave, layout_misc_corridors,
          dreamdust_mushroom_princess, wad_woods_03
Swamp:1:  layout_falls_marsh, gammafunk_ghost_cemetery,
          evilmike_swamp_ruin_rubble_1, swamp_pool_5,
          nicolae_swamp_decorative_isthmus, nicolae_swamp_tree_isthmus
Swamp:2:  layout_basic_swamp, evilmike_swamp_ruin_house_3, uniq_roxanne
Swamp:3:  layout_falls_marsh, nicolae_swamp_treefoil, uniq_louise,
          uniq_bai_suzhen, uniq_nikola
Swamp:4:  swamp_old_school, layout_basic_swamp, gammafunk_ghost_grave,
          swamp_pool_4, nicolae_swamp_triple_paths, beargit_elvish_explorers
Snake:1:  layout_misc_corridors, gammafunk_ghost_berserking_beasts,
          serial_shops, shop, grunt_megastairs_1, lemuel_fruit_tree, uniq_aizul
Snake:2:  layout_onion_interference, nicolae_letterblocks
          [nicolae_letter_subblock, nicolae_letter_subblock,
          nicolae_letter_subblock, nicolae_letter_subblock,
          nicolae_letter_subblock, nicolae_letter_subblock,
          nicolae_letter_subblock, nicolae_letter_subblock,
          nicolae_letter_subblock, nicolae_letter_subblock,
          nicolae_letter_subblock, nicolae_letter_subblock,
          nicolae_letter_subblock, nicolae_letter_subblock,
          nicolae_letter_subblock, nicolae_letter_subblock,
          nicolae_letter_subblock, nicolae_letter_subblock,
          nicolae_letter_subblock, nicolae_letter_subblock,
          nicolae_letter_subblock, nicolae_letter_subblock,
          nicolae_letter_subblock, nicolae_letter_subblock,
          nicolae_letter_subblock], grunt_megastairs_5, uniq_frances,
          uniq_jorgrun
Snake:3:  layout_onion_interference, portal_ice_cave_entry_pillars_three,
          nicolae_shop_vocational, minmay_shop_grove
Snake:4:  grunt_snake_rune_spirals, layout_onion_interference,
          hangedman_snake_thin_pillar_pass, nicolae_snake_salamander_fort,
          uniq_mara, uniq_agnes
Slime:1:  layout_caves, nicolae_slime_phagocytosis
Slime:2:  layout_caves
Slime:3:  layout_caves
Slime:4:  layout_caves
Slime:5:  slime_pit_nicolae_inversion
Orc:1:    layout_caves, nicolae_orc_found_a_spring
Orc:2:    st_orc_rangers, layout_caves, serial_shops, shop, minmay_shop_mass
Vaults:1: gammafunk_ghost_smash, v_misc_27, vaults_mumra_bighexcomb, v_misc_12,
          nicolae_vaults_storage_room_statues, hangedman_vaults_capsules,
          minmay_orc_keep, nicolae_vaults_tetromino_Z_1,
          vaults_room_grunt_arrival_ludios, nicolae_vaults_ring_of_whatevers,
          layout_vaults_chaotic_city, uniq_saint_roka
Vaults:2: hellmonk_ghost_happy_afterlife, vaults_room_boxed, v_alt_pattern_2,
          vaults_mumra_hex, nicolae_vaults_network_quincunx
          [nicolae_vaults_network_quincunx_subvault,
          nicolae_vaults_network_quincunx_subvault,
          nicolae_vaults_network_quincunx_subvault,
          nicolae_vaults_network_quincunx_subvault,
          nicolae_vaults_network_quincunx_subvault],
          ontoclasm_vaults_claustrophobia,
          nicolae_vaults_taking_the_gang_shopping,
          nicolae_vaults_offset_grid_hallway_2, vaults_room_pool,
          hangedman_vaults_maws, nicolae_vaults_little_squares_5,
          layout_vaults_maze_snakey, uniq_sojobo

Skill      XL: |  1  2  3  4  5  6  7  8  9 10 11 12 13 14 15 16 17 18 19 |
---------------+----------------------------------------------------------+-----
Stealth        | 3 4 6 7 8 9 10 | 10.0
Unarmed Combat | 1 |  1.5
Spellcasting   | 3 4 5 6 7 8 9 10 12 14 15 | 15.5
Dodging        | 3 4 6 7 8 9 10 | 10.0
Summonings     | 5 6 7 8 9 10 11 12 | 12.0
Fighting       | 1 2 3 4 5 6 8 9 10 | 10.0
Fire Magic     | 2 4 5 |  5.0
Translocations | 1 4 5 |  5.0
Air Magic      | 1 3 5 6 7 |  7.0
Necromancy     | 3 5 8 11 15 17 19 22 23 24 | 24.7
Hexes          | 7 |  7.0

Action                     |  1- 3 |  4- 6 |  7- 9 | 10-12 | 13-15 | 16-18 | 19-21 || total
---------------------------+-------+-------+-------+-------+-------+-------+-------++-------
  Melee: Unarmed           |    33 |    22 |    47 |   127 |   177 |    37 |    26 ||   469
         Punch             |     1 |       |     1 |     4 |     6 |       |       ||    12
         Bite              |       |     3 |     2 |    25 |    35 |     1 |     1 ||    67
         Headbutt          |       |       |       |       |       |       |     4 ||     4
   Cast: Summon Small Mamm |    40 |    27 |    34 |    44 |    25 |       |       ||   170
         Call Imp          |    16 |    15 |    27 |    27 |    43 |     1 |       ||   129
         Call Canine Famil |       |    10 |    23 |    26 |    41 |     9 |       ||   109
         Summon Blazeheart |       |     1 |    11 |    64 |    96 |    13 |     1 ||   186
         Summon Lightning  |       |       |     4 |    49 |   105 |    35 |     5 ||   198
         Animate Dead      |       |       |       |    13 |    50 |    29 |     5 ||    97
         Anguish           |       |       |       |     9 |   118 |   142 |    28 ||   297
         Blink             |       |       |       |       |     8 |     7 |       ||    15
         Death Channel     |       |       |       |       |    42 |    55 |    11 ||   108
         Dispel Undead     |       |       |       |       |     5 |       |       ||     5
         Summon Mana Viper |       |       |       |       |    24 |    59 |     1 ||    84
         Summon Forest     |       |       |       |       |       |    67 |    10 ||    77
         Death's Door      |       |       |       |       |       |       |     2 ||     2
 Invoke: Unearth Wretches  |       |       |       |     8 |    10 |    22 |    12 ||    52
         Receive Forbidden |       |       |       |       |       |     1 |       ||     1
  Evoke: Wand              |       |     3 |     1 |     4 |     7 |    33 |       ||    48
         Lightning rod     |       |       |       |       |       |     2 |       ||     2
    Use: Scroll            |       |     5 |    17 |     6 |    17 |    12 |     3 ||    60
         Potion            |       |     2 |       |     7 |    15 |    10 |     3 ||    37
   Stab: Sleeping          |     2 |     4 |     9 |     1 |     4 |       |       ||    20
         Distracted        |       |     1 |     1 |     4 |     4 |       |       ||    10
         Paralysed         |       |       |       |    10 |    10 |    26 |    16 ||    62
         Petrified         |       |       |       |       |     1 |       |       ||     1
         Invisible         |       |       |       |       |       |     1 |       ||     1
 Armour: Skin              |    16 |    15 |    48 |   116 |   231 |   116 |    69 ||   611
  Dodge: Dodged            |    39 |    48 |    86 |   261 |   462 |   140 |    93 ||  1129
  Block: Other             |       |       |       |    52 |   104 |     4 |       ||   160
         Reflection        |       |       |       |     4 |    20 |       |       ||    24
